 Dungeon Crawl Stone Soup version 0.27.1-16-g815e20cd7a (webtiles) character file.

Game seed: 17681951513017989136

1010 zeram the Caller (level 8, -7/67 HPs)
             Began as a Troll Summoner on Nov 23, 2021.
             Mangled by a vampire mosquito (10 damage)
             ... on level 5 of the Dungeon.
             The game lasted 00:15:01 (4602 turns).

zeram the Caller (Troll Summoner)                   Turns: 4602, Time: 00:15:01

Health: -7/67      AC:  5    Str: 17    XL:     8   Next: 1%
Magic:  3/8        EV: 11    Int: 13    God:
Gold:   199        SH:  0    Dex: 10    Spells: 2/9 levels left

rFire    + . .     SeeInvis .   i - +0 giant club (elec)
rCold    + . .     Faith    .   (shield currently unavailable)
rNeg     . . .     Spirit   .   a - +0 robe
rPois    +         Reflect  .   (helmet restricted)
rElec    +         Harm     .   b - +0 cloak
rCorr    +         Rampage  .   (gloves unavailable)
Will     .....                  (boots unavailable)
Stlth    +.........             (no amulet)
HPRegen  1.21/turn              (no ring)
MPRegen  0.11/turn              (no ring)

@: resistant
A: large, unfitting armour, claws 3, regeneration 1, shaggy fur 1, tough skin 1,
MP-powered wands
a: no special abilities


You were on level 5 of the Dungeon.
You visited 1 branch of the dungeon, and saw 6 of its levels.
You also visited: Sewer.

You collected 199 gold pieces.

Inventory:

Hand Weapons
 f - a +0 whip
 i - a +0 giant club of electrocution (weapon)
Missiles
 j - 40 stones
Armour
 a - a +0 robe (worn)
 b - a +0 cloak (worn)
Wands
 k - a wand of polymorph (7)
Potions
 d - a potion of brilliance
 e - a potion of cancellation
 g - 2 potions of flight
 l - a potion of might


   Skills:
 - Level 0.1 Maces & Flails
 + Level 5.2 Dodging
 - Level 1.0 Stealth
 - Level 1.2 Spellcasting
 + Level 6.1 Summonings


You had 2 spell levels left.
You knew the following spells:

 Your Spells              Type           Power      Damage    Failure   Level
a - Call Canine Familiar  Summ           16%        N/A       7%          3
b - Call Imp              Summ           16%        N/A       3%          2
c - Ensorcelled Hibernat  Hex/Ice        0%         N/A       38%         2

Your spell library contained the following spells:

 Spells                   Type           Power      Damage    Failure   Level
 Summon Small Mammal      Summ           64%        N/A       2%          1
 Corona                   Hex            0%         N/A       28%         1
 Magic Dart               Conj           0%         1d3       28%         1
 Searing Ray              Conj           0%         3d3       38%         2
 Summon Guardian Golem    Hex/Summ       8%         N/A       24%         3
 Summon Lightning Spire   Summ/Air       8%         N/A       61%         4
 Tukima's Dance           Hex            0%         N/A       63%         3
 Fulminant Prism          Conj/Hex       0%         3d6       95%         4


Dungeon Overview and Level Annotations

Branches:
Dungeon (6/15)              Sewer (visited)
 Temple: D:4-7

Altars:
Xom
The Shining One

Annotations:
D:2 Terence


Innate Abilities, Weirdness & Mutations

You are too large for most types of armour.
You have claws for hands.
Your natural rate of healing is unusually fast.
You are covered in fur. (AC +1)
You have tough skin. (AC +1)
You expend magic power (3 MP) to strengthen your wands.


Message History

The vampire mosquito draws strength from your injuries!
The vampire mosquito bites you.
* * * LOW HITPOINT WARNING * * *
The vampire mosquito draws strength from your injuries!
The scorpion stings you but does no damage.
The vampire mosquito bites you.
* * * LOW HITPOINT WARNING * * *
The vampire mosquito draws strength from your injuries!
The vampire mosquito bites you.
* * * LOW HITPOINT WARNING * * *
The vampire mosquito draws strength from your injuries!
You feel better.
Your surroundings suddenly seem different.
There is an open door here.
The vampire mosquito buzzes angrily.
You close the door.
You open the door.
There is an open door here.
The vampire mosquito bites you!
The vampire mosquito draws strength from your injuries!
There's a creature in the doorway!
You closely miss the vampire mosquito. The vampire mosquito bites you!
* * * LOW HITPOINT WARNING * * *
The vampire mosquito draws strength from your injuries!
The vampire mosquito misses you.
The vampire mosquito closely misses you.
Unknown command.
You miss the vampire mosquito. The vampire mosquito bites you!
* * * LOW HITPOINT WARNING * * *
The vampire mosquito draws strength from your injuries!
The vampire mosquito bites you.
* * * LOW HITPOINT WARNING * * *
The vampire mosquito draws strength from your injuries!
The vampire mosquito bites you.
* * * LOW HITPOINT WARNING * * *
The vampire mosquito draws strength from your injuries!
It was a potion of mutation.
You feel extremely strange.
You feel your magical essence link to the dungeon's wands.
The vampire mosquito bites you!
You die...

###.####§'###
#...#≈§≈§§≈§§
#.###≈§§§.§≈§
#.###§§§§.≈≈≈
####.#.+.§...§.§
#....#.+......§.
#......#≈§≈..≈§≈
###..)...#≈§≈..≈≈≈
#@y......#≈≈≈..≈§≈
#.#......####''###
#.#........##..#.#
#.####'###..#..#.#
###.####.####....#.#
#......#y##.....<#.#
#...##.#>s'.........
#...##.#y##....#.###
#...##...##.[..#.#


You could see a vampire mosquito.

Vanquished Creatures
  An ice beast (D:5)
  An ogre (D:5)
  A phantom (D:5)
  A gnoll sergeant (D:6)
  A scorpion (D:4)
  A water moccasin skeleton (D:4)
  A centaur zombie (D:5)
  An iguana (D:6)
  An orc wizard (D:3)
  A hound skeleton (D:3)
  A howler monkey zombie (D:5)
  2 gnolls
  A howler monkey skeleton (D:4)
  An adder (D:3)
  A shadow imp (D:5)
  2 worms
  7 dart slugs
  8 orcs
  3 endoplasms
  2 giant cockroaches
  2 goblins (D:1)
  6 hobgoblins
  3 jackals (D:1)
  10 kobolds
  3 quokkas
  4 ball pythons
  3 bats
  A frilled lizard (D:3)
  4 rats
74 creatures vanquished.

Vanquished Creatures (collateral kills)
  2 black bears (D:5)
  2 ogres
  A kobold brigand (Sewer)
  A howler monkey (D:4)
  An orc priest (D:3)
  9 gnolls
  4 adders
  A river rat (Sewer)
  A worm (D:3)
  An orc (D:3)
  2 ball pythons (D:3)
  2 endoplasms
  A goblin (D:3)
  4 jackals
  4 kobolds
  A quokka (D:2)
  3 rats (Sewer)
40 creatures vanquished.

Vanquished Creatures (others)
  A plant (D:1)
1 creature vanquished.

Grand Total: 115 creatures vanquished

Notes
Turn   | Place    | Note
-------+----------+-------------------------------------------
     0 | D:1      | zeram the Troll Summoner began the quest for the Orb.
     0 | D:1      | Reached XP level 1. HP: 16/16 MP: 1/1
    15 | D:1      | Reached skill level 3 in Summonings
    57 | D:1      | Reached XP level 2. HP: 24/24 MP: 2/2
   266 | D:1      | Reached XP level 3. HP: 23/31 MP: 3/3
   599 | D:2      | Learned a level 2 spell: Call Imp
   707 | D:2      | Reached skill level 4 in Summonings
   806 | D:2      | Reached XP level 4. HP: 39/39 MP: 4/4
  1064 | D:2      | Found a faded altar of an unknown god.
  1075 | D:2      | Noticed Terence
  1260 | D:3      | Learned a level 2 spell: Ensorcelled Hibernation
  1556 | D:3      | Reached XP level 5. HP: 45/45 MP: 0/5
  1795 | D:3      | Found a glowing drain.
  1805 | Sewer    | Entered a sewer
  1960 | Sewer    | Found a white marble altar of Elyvilon.
  2327 | D:3      | Found a glowing golden altar of the Shining One.
  2468 | D:4      | Noticed an ogre
  2475 | D:4      | Killed an ogre
  2531 | D:4      | Reached XP level 6. HP: 44/53 MP: 6/6
  2619 | D:4      | Reached skill level 5 in Summonings
  3181 | D:4      | Found a shimmering altar of Xom.
  3765 | D:5      | Entered Level 5 of the Dungeon
  3817 | D:5      | Reached XP level 7. HP: 59/59 MP: 0/7
  4220 | D:5      | Reached skill level 5 in Dodging
  4358 | D:5      | Reached skill level 6 in Summonings
  4400 | D:6      | Noticed a vampire mosquito
  4400 | D:6      | Noticed a vampire mosquito
  4487 | D:6      | Reached XP level 8. HP: 58/67 MP: 1/8
  4566 | D:5      | Learned a level 3 spell: Call Canine Familiar
  4583 | D:5      | HP: 3/67 [vampire mosquito (7)]
  4584 | D:5      | HP: 1/67 [vampire mosquito (2)]
  4601 | D:5      | HP: 2/67 [vampire mosquito (5)]
  4602 | D:5      | Gained mutation: You expend magic power (3 MP) to
                  | strengthen your wands. [potion of mutation]
  4602 | D:5      | Mangled by a vampire mosquito

Illustrated notes

Levels and vault maps discovered:
D:1:      saegor_arrival_simple_b, layout_rooms, serial_forest,
          infiniplex_forest_straight_3, infiniplex_forest_lined_room_2,
          infiniplex_forest_zigzag_1, infiniplex_forest_corner_1,
          infiniplex_forest_side_room, infiniplex_forest_clump_diagonal,
          infiniplex_forest_side_room, st_stairs_10, minmay_pentomino_v2
D:2:      wander_river, layout_loops_corners,
          dreamdust_ecumenical_altar_statues, chequers_serial_rivers_micro_b,
          uniq_terence
D:3:      layout_basic, overflow_temple_1_default,
          cheibrodos_sewer_entry_sluice, minmay_increasing_density
D:4:      layout_loops_corners, xom_teletrap_fun, kennysheep_boxes
D:5:      layout_basic, kennysheep_generic_room_5
D:6:      layout_cave_pools, nicolae_ashenzari_panopticon,
          minmay_temple_entry_water_ring, serial_shops, nicolae_shop_statue_plus

Skill      XL: |  1  2  3  4  5  6  7 |
---------------+----------------------+-----
Summonings     | 3 4 5 6 |  6.1
Dodging        | 2 3 4 5 |  5.2
Maces & Flails | |  0.1
Stealth        | |  1.0
Spellcasting   | |  1.2

Action                   |  1- 3 |  4- 6 |  7- 9 || total
-------------------------+-------+-------+-------++-------
Melee: Unarmed           |    61 |       |       ||    61
       Club              |    31 |       |       ||    31
       Whip              |    14 |   160 |       ||   174
       Giant club        |       |    84 |    88 ||   172
 Cast: Summon Small Mamm |     6 |     1 |       ||     7
       Call Imp          |     4 |    40 |    16 ||    60
       Call Canine Famil |       |       |     2 ||     2
  Use: Potion            |       |     4 |     5 ||     9
       Scroll            |       |     3 |     8 ||    11
 Stab: Sleeping          |     3 |     4 |       ||     7
       Distracted        |     1 |     3 |       ||     4
Armor: Robe              |    50 |    97 |    64 ||   211
Dodge: Dodged            |    62 |   154 |   101 ||   317
